 Dungeon Crawl Stone Soup version 0.21.1-1-g345015f (webtiles) character file.

181 theblackcape the Chiller (level 5, -2/37 HPs)
             Began as a Gnoll Wanderer on June 23, 2018.
             Slain by a centaur (5 damage)
             ... on level 3 of the Dungeon.
             The game lasted 00:13:14 (3093 turns).

theblackcape the Chiller (Gnoll Wanderer)           Turns: 3093, Time: 00:13:14

Health: -2/37      AC: 10    Str: 15    XL:     5   Next: 61%
Magic:  8/12       EV: 12    Int: 15    God:
Gold:   137        SH:  0    Dex: 14    Spells: 9/14 levels left

rFire    . . .     SeeInvis .   m - +4 rapier
rCold    . . .     Gourm    .   (no shield)
rNeg     . . .     Faith    .   d - +0 robe
rPois    .         Spirit   .   k - +0 helmet
rElec    .         Reflect  .   (no cloak)
rCorr    .         Harm     .   (no gloves)
MR       .....                  (no boots)
Stlth    ++........             (no amulet)
HPRegen  0.12/turn              j - +1 ring of protection
MPRegen  0.13/turn              (no ring)

@: icy armour, slow
A: distributed training, fangs 1, strong nose
a: no special abilities


You were on level 3 of the Dungeon.
You were not hungry.

You visited 1 branch of the dungeon, and saw 3 of its levels.

You collected 137 gold pieces.

Inventory:

Hand Weapons
 i - a +2 falchion of freezing
 m - a +4 rapier (weapon)
Armour
 d - a +0 robe (worn)
 k - a +0 helmet (worn)
Jewellery
 j - a +1 ring of protection (left hand)
Scrolls
 e - 2 scrolls of identify {unknown}
 h - a scroll of enchant weapon {unknown}
 l - 2 scrolls of fear {unknown}
 n - 2 scrolls of teleportation
 p - a scroll of remove curse {unknown}
Potions
 g - a potion of magic {unknown}
 o - a potion of brilliance {unknown}
 q - a potion of might {unknown}
 s - a potion of heal wounds {unknown}
 u - a potion of degeneration {unknown}
Books
 a - a book of Frost

   Spells                             Type                      Level
   a - Freeze                         Ice                          1
   b - Throw Frost                    Conjuration/Ice              2
   c - Ozocubu's Armour               Charms/Ice                   3
   d - Throw Icicle                   Conjuration/Ice              4
   e - Summon Ice Beast               Ice/Summoning                4
 b - the Grimoire of Dislocation

   Spells                             Type                      Level
   a - Apportation                    Translocation                1
   b - Gell's Gravitas                Translocation                3
 c - the Compendium of Necromancy

   Spells                             Type                      Level
   a - Corpse Rot                     Necromancy                   2
   b - Sublimation of Blood           Necromancy                   2
 r - a book of Cantrips

   Spells                             Type                      Level
   a - Confusing Touch                Hexes                        1
   b - Animate Skeleton               Necromancy                   1
   c - Summon Small Mammal            Summoning                    1
   d - Apportation                    Translocation                1
Comestibles
 f - 5 rations
 t - 2 chunks of flesh


   Skills:
 + Level 1.5 Fighting
 + Level 1.5 Short Blades
 + Level 1.5 Long Blades
 + Level 1.5 Axes
 + Level 1.5 Maces & Flails
 + Level 1.5 Polearms
 + Level 1.5 Staves
 + Level 1.5 Slings
 + Level 1.5 Bows
 + Level 1.5 Crossbows
 + Level 3.0 Throwing
 + Level 1.5 Armour
 + Level 1.5 Dodging
 + Level 1.5 Stealth
 + Level 3.0 Shields
 + Level 1.5 Unarmed Combat
 + Level 5.2 Spellcasting
 + Level 1.2 Conjurations
 + Level 2.4 Hexes
 + Level 1.2 Charms
 + Level 1.2 Summonings
 + Level 4.0 Necromancy
 + Level 1.2 Translocations
 + Level 1.2 Transmutations
 + Level 1.2 Fire Magic
 + Level 5.5 Ice Magic
 + Level 1.2 Air Magic
 + Level 1.2 Earth Magic
 + Level 1.2 Poison Magic
 + Level 1.7 Invocations
 + Level 1.5 Evocations


You had 9 spell levels left.
You knew the following spells:

 Your Spells              Type           Power        Failure   Level  Hunger
a - Throw Frost           Conj/Ice       ##....       6%          2    ##.....
b - Ozocubu's Armour      Chrm/Ice       ##......     12%         3    ###....


Dungeon Overview and Level Annotations

Branches:
Dungeon (3/15)

Altars:


Innate Abilities, Weirdness & Mutations

Your experience applies equally to all skills.
You have very sharp teeth.
Your uncanny sense of smell can sniff out nearby items.


Message History

The centaur unwields an uncursed shortbow.
The centaur barely misses you.
You hit the centaur.
The centaur is heavily wounded.
The centaur hits you.
* * * LOW HITPOINT WARNING * * *
The centaur hits you.
* * * LOW HITPOINT WARNING * * *
You hit the centaur but do no damage.
The centaur is moderately wounded.
The centaur misses you.
The centaur hits you but does no damage.
You hit the centaur.
The centaur is severely wounded.
The centaur closely misses you.
You hit the centaur.
The centaur is severely wounded.
The centaur hits you but does no damage.
The centaur hits you.
You die...

########.#
#........#
##.#######
#.# #.# #.#
#.# #(# ∆
##@#######.
#..cS.....S
###########


You could see a centaur and an adder.

Vanquished Creatures
  An orc wizard (D:3)
  Jessica (D:3)
  A worker ant (D:2)
  4 adders
  2 worms
  3 dart slugs
  A leopard gecko (D:2)
  5 orcs (D:3)
  A ball python (D:2)
  8 goblins
  A hobgoblin (D:2)
  6 jackals (D:2)
  6 bats
  3 frilled lizards
  5 kobolds
  6 rats
54 creatures vanquished.

Notes
Turn   | Place    | Note
-------+----------+-------------------------------------------
     0 | D:1      | theblackcape the Gnoll Wanderer began the quest for the Orb.
     0 | D:1      | theblackcape set off with: a book of Frost, the Grimoire of Dislocation, the Compendium of Necromancy, a +0 robe, a +0 club, a ration
     0 | D:1      | Reached XP level 1. HP: 13/13 MP: 6/6
     0 | D:1      | Identified the Grimoire of Dislocation
     0 | D:1      | Identified the Compendium of Necromancy
   780 | D:1      | Reached XP level 2. HP: 12/19 MP: 7/7
   893 | D:1      | Learned a level 2 spell: Throw Frost
  1550 | D:2      | Reached XP level 3. HP: 17/25 MP: 9/9
  1587 | D:2      | Reached skill level 5 in Spellcasting
  1811 | D:2      | Learned a level 3 spell: Ozocubu's Armour
  1884 | D:2      | Reached skill level 1 in Invocations
  2068 | D:2      | Reached skill level 1 in Fighting
  2068 | D:2      | Reached skill level 1 in Short Blades
  2068 | D:2      | Reached skill level 1 in Long Blades
  2068 | D:2      | Reached skill level 1 in Axes
  2068 | D:2      | Reached skill level 1 in Maces & Flails
  2068 | D:2      | Reached skill level 1 in Polearms
  2068 | D:2      | Reached skill level 1 in Staves
  2068 | D:2      | Reached skill level 1 in Slings
  2068 | D:2      | Reached skill level 1 in Bows
  2068 | D:2      | Reached skill level 1 in Crossbows
  2068 | D:2      | Reached skill level 1 in Armour
  2068 | D:2      | Reached skill level 1 in Dodging
  2068 | D:2      | Reached skill level 1 in Stealth
  2068 | D:2      | Reached skill level 1 in Unarmed Combat
  2068 | D:2      | Reached skill level 1 in Evocations
  2068 | D:2      | Reached XP level 4. HP: 25/32 MP: 11/11
  2474 | D:3      | Reached skill level 1 in Conjurations
  2474 | D:3      | Reached skill level 1 in Charms
  2474 | D:3      | Reached skill level 1 in Summonings
  2474 | D:3      | Reached skill level 1 in Translocations
  2474 | D:3      | Reached skill level 1 in Transmutations
  2474 | D:3      | Reached skill level 1 in Fire Magic
  2474 | D:3      | Reached skill level 1 in Air Magic
  2474 | D:3      | Reached skill level 1 in Earth Magic
  2474 | D:3      | Reached skill level 1 in Poison Magic
  2699 | D:3      | Reached XP level 5. HP: 37/37 MP: 3/12
  2743 | D:3      | Noticed Jessica
  2759 | D:3      | Killed Jessica
  3081 | D:3      | Noticed a centaur
  3093 | D:3      | Slain by a centaur

Skill      XL: |  1  2  3  4  5 |
---------------+----------------+-----
Hexes          | 2 |  2.4
Spellcasting   | 5 |  5.2
Invocations    | 1 |  1.7
Fighting       | 1 |  1.5
Short Blades   | 1 |  1.5
Long Blades    | 1 |  1.5
Axes           | 1 |  1.5
Maces & Flails | 1 |  1.5
Polearms       | 1 |  1.5
Staves         | 1 |  1.5
Slings         | 1 |  1.5
Bows           | 1 |  1.5
Crossbows      | 1 |  1.5
Armour         | 1 |  1.5
Dodging        | 1 |  1.5
Stealth        | 1 |  1.5
Unarmed Combat | 1 |  1.5
Evocations     | 1 |  1.5
Conjurations   | 1 |  1.2
Charms         | 1 |  1.2
Summonings     | 1 |  1.2
Translocations | 1 |  1.2
Transmutations | 1 |  1.2
Fire Magic     | 1 |  1.2
Air Magic      | 1 |  1.2
Earth Magic    | 1 |  1.2
Poison Magic   | 1 |  1.2
Throwing       | 3 |  3.0
Shields        | 3 |  3.0
Necromancy     | 4 |  4.0
Ice Magic      | |  5.5

Action                   |  1- 3 |  4- 6 || total
-------------------------+-------+-------++-------
Melee: Short sword       |    49 |       ||    49
       Bite              |    10 |     1 ||    11
       Club              |     3 |       ||     3
       Rapier            |    65 |    45 ||   110
 Cast: Throw Frost       |     6 |    16 ||    22
       Ozocubu's Armour  |     3 |     4 ||     7
  Use: Potion            |     2 |       ||     2
       Scroll            |       |     1 ||     1
 Stab: Sleeping          |     1 |       ||     1
  Eat: Chunk             |     4 |     4 ||     8
Armor: Robe              |    66 |     5 ||    71
Dodge: Dodged            |   116 |    34 ||   150
